 Dungeon Crawl Stone Soup version 0.28.0-43-g3370ac3207 (webtiles) character file.

Game seed: 318920973533158796

2 vvl the Stinger (level 1, -1/14 HPs)
             Began as a Draconian Venom Mage on Mar 14, 2022.
             Slain by a quokka (3 damage)
             ... on level 1 of the Dungeon.
             The game lasted 00:00:44 (186 turns).

vvl the Stinger (Draconian Venom Mage)               Turns: 186, Time: 00:00:46

Health: -1/14      AC:  4    Str: 10    XL:     1   Next: 33%
Magic:  0/3        EV: 12    Int: 15    God:
Gold:   26         SH:  0    Dex: 11    Spells: 3/4 levels left

rFire   . . .      SeeInvis .   (no weapon)
rCold   . . .      Faith    .   (no shield)
rNeg    . . .      Spirit   .   (armour unavailable)
rPois   .          Reflect  .   (helmet restricted)
rElec   .          Harm     .   (no cloak)
rCorr   .          Rampage  .   (no gloves)
Will    .....                   (no boots)
Stlth   ++........              (no amulet)
HPRegen 0.04/turn               (no ring)
MPRegen 0.08/turn               (no ring)

@: very slightly contaminated
A: AC +4, unfitting armour, cold-blooded
a: no special abilities


You were on level 1 of the Dungeon.
You visited 1 branch of the dungeon, and saw 1 of its levels.

You collected 26 gold pieces.

Inventory:

Potions
 a - a potion of lignification {unknown}


   Skills:
 + Level 0.0 Fighting
 + Level 1.8 Dodging
 + Level 1.8 Stealth
 + Level 2.0 Spellcasting
 + Level 1.1 Transmutations
 + Level 3.0 Poison Magic


You had 3 spell levels left.
You knew the following spells:

 Your Spells              Type           Power      Damage    Failure   Level
a - Sting                 Tmut/Pois      28%        1d4       10%         1

Your spell library contained the following spells:

 Spells                   Type           Power      Damage    Failure   Level
 Poisonous Vapours        Pois/Air       12%        N/A       19%         2
 Mephitic Cloud           Conj/Pois/Air  4%         N/A       41%         3
 Olgreb's Toxic Radiance  Pois           10%        N/A       54%         4


Dungeon Overview and Level Annotations

Branches:
Dungeon (1/15)

Altars:


Innate Abilities, Weirdness & Mutations

Your plain brown scales are hard. (AC +4)
You cannot fit into any form of body armour.
You are cold-blooded and may be slowed by cold attacks.


Message History

A hobgoblin is nearby!
A hobgoblin is nearby!
A quokka comes into view.
Found a leather armour.
You closely miss the quokka. The quokka closely misses you. x2
The hobgoblin barely misses you.
You closely miss the quokka.
The quokka bites you but does no damage.
The hobgoblin hits you but does no damage.
You hit the quokka but do no damage. The quokka barely misses you.
The hobgoblin hits you.
You barely miss the quokka. The quokka closely misses you.
The hobgoblin barely misses you.
You barely miss the quokka.
The quokka bites you but does no damage.
The hobgoblin hits you but does no damage.
You miscast Sting.
You are very lightly contaminated with residual magic.
Nothing appears to happen.
The quokka barely misses you. x2
The hobgoblin hits you but does no damage.
The sting hits the quokka.
The quokka is poisoned.
The quokka is severely wounded.
The quokka closely misses you. The hobgoblin hits you.
The sting misses the quokka.
The quokka bites you. The hobgoblin hits you.
* * * LOW HITPOINT WARNING * * *
You are too injured to fight recklessly!
Unknown command.
You closely miss the quokka.
The quokka is severely wounded.
The quokka barely misses you. The hobgoblin hits you.
* * * LOW HITPOINT WARNING * * *
Unknown command.
You barely miss the quokka.
The quokka is almost dead.
The quokka barely misses you. The hobgoblin misses you.
Unknown command.
You closely miss the quokka.
The quokka is almost dead.
The quokka barely misses you. The quokka bites you.
You die...

..... ....# ....# ...#
### ..# ......# #####
#.#####.# #..#
[.....##g......# #..#
#.r@.......# #..# ..
#.###...######..##..
#.# #.............#.
##.###..#######..#.#.
#...##..# #).#.#.
###...##..# #..#.#.
#.........#######..#.#.
#.........#............
#.................#####


You could see a quokka (poisoned) and a hobgoblin.

Vanquished Creatures
  A kobold (D:1)
  3 rats (D:1)
4 creatures vanquished.

Notes
Turn   | Place    | Note
-------+----------+-------------------------------------------
     0 | D:1      | vvl the Draconian Venom Mage began the quest for the Orb.
     0 | D:1      | Reached XP level 1. HP: 14/14 MP: 3/3
   186 | D:1      | Slain by a quokka

Illustrated notes

Levels and vault maps discovered:
D:1:      amcnicky_arrival_underground_garden, layout_loops_ring

Action                   || total
-------------------------++-------
Melee: Unarmed           ||    14
       Tailslap          ||     1
 Cast: Sting             ||     5
Armor: Skin              ||     7
Dodge: Dodged            ||    18
